Map: Dusk Towers

Players

MjK - Winner!

  • Race: Protoss Protoss
  • League: Master

imData

  • Race: Protoss Protoss
  • League: Master

VOD

Have the link to the VOD?

Description

Time

  • Played on: April 13, 2016, 4:59 p.m.
  • Length: 8:42
Show
View Real Time Build Order
Export as new Build Order

MjK Protoss - Winner!

Build Orders:  

Get SALT Encoding   

  12  0:01  Probe (Chrono Boost)  
  13  0:11  Probe (Chrono Boost)  
  14  0:17  Pylon  
  14  0:22  Probe (Chrono Boost)  
  15  0:30  Assimilator  
  15  0:36  Assimilator  
  15  0:44  Gateway  
  15  0:53  Probe (Chrono Boost)  
  16  1:03  Probe (Chrono Boost)  
  17  1:09  Gateway  
  17  1:14  Probe (Chrono Boost)  
  18  1:25  Probe (Chrono Boost)  
  19  1:35  Cybernetics Core  
  19  1:39  Probe (Chrono Boost)  
  21  2:23  Mothership Core (Chrono Boost)  
  21  2:54  Nexus  
  21  2:55  Pylon  
  20  3:26  Assimilator  
  20  3:29  Assimilator  
  20  3:35  Gateway  
  20  4:07  Gateway  
  20  4:27  Cybernetics Core  
  20  4:30  Probe  
  21  4:41  Pylon  
  21  4:47  Probe  
  22  4:58  Cybernetics Core  
  22  5:00  Probe  
  23  5:12  Probe  
  24  5:17  Stalker (Chrono Boost)  
  26  5:25  Warp Gate (Chrono Boost)  
  26  5:39  Robotics Facility  
  26  5:50  Probe  
  27  5:57  Stalker  
  27  5:58  Stalker  
  31  6:06  Pylon  
  31  6:26  Immortal  
  35  6:35  Pylon  
  35  6:44  Gateway  
  35  6:56  Gateway  
  35  7:10  Warp Prism  
  37  7:19  Stalker x2  
  41  7:28  Pylon  
  41  7:46  Stalker  
  41  7:47  Stalker  
  43  8:27  Stalker x4  
Show
View Real Time Build Order
Export as new Build Order

imData Protoss 

Build Orders: Cannon Rush 

Get SALT Encoding   

  12  0:01  Probe (Chrono Boost)  
  13  0:12  Probe (Chrono Boost)  
  14  0:18  Pylon  
  14  0:23  Probe (Chrono Boost)  
  15  0:36  Probe (Chrono Boost)  
  15  0:38  Forge  
  16  0:57  Pylon  
  16  1:16  Photon Cannon  
  16  1:19  Photon Cannon  
  16  1:20  Pylon  
  16  1:46  Photon Cannon  
  16  1:48  Photon Cannon  
  16  1:51  Photon Cannon  
  16  1:58  Pylon  
  16  2:17  Photon Cannon  
  16  2:23  Photon Cannon  
  16  2:33  Photon Cannon  
  16  2:42  Pylon  
  16  3:00  Pylon  
  16  3:01  Pylon  
  16  3:03  Pylon  
  16  3:28  Pylon  
  16  3:45  Pylon  
  16  3:48  Pylon  
  14  4:10  Photon Cannon  
  14  4:27  Gateway  
  14  4:29  Probe (Chrono Boost)  
  15  4:39  Probe (Chrono Boost)  
  16  4:50  Probe (Chrono Boost)  
  17  4:55  Assimilator  
  17  4:58  Assimilator  
  17  5:00  Probe (Chrono Boost)  
  17  5:06  Pylon  
  18  5:17  Pylon  
  16  5:27  Cybernetics Core  
  16  5:39  Photon Cannon  
  16  5:51  Gateway  
  16  6:14  Probe (Chrono Boost)  
  16  6:15  Photon Cannon  
  17  6:25  Probe (Chrono Boost)  
  18  6:34  Photon Cannon  
  18  6:35  Probe (Chrono Boost)  
  18  6:37  Warp Gate (Chrono Boost)  
  19  6:47  Probe, Stalker  
  24  6:54  Sentry  
  24  6:59  Probe  
  25  7:04  Pylon  
  25  7:12  Mothership Core (Chrono Boost)  
  27  7:22  Pylon  
  27  7:33  Probe (Chrono Boost)  
  27  7:36  Stargate  
  28  7:43  Probe (Chrono Boost)  
  30  8:04  Forge  
  33  8:33  Zealot  
  33  8:34  Zealot  
Tags
 
Add a new tag
Caveats
  • Supply blocks, unpowered buildings, or Contaminate may cause inaccurate times.
  • Supply counts are checked every 10 seconds.